BSA
AUSTIN RIVER SHARKS @ MADISON BOMBERS
09/17/2026
 
TOP OF THE 1ST
Austin River Sharks batting - Pitching for Madison Bombers : RHP Claudio Segura
Pitching: RHP Claudio Segura
Batting: LHB Bruno Lalonde 0-0: Foul Ball, location: 2F
0-1: Ball
1-1: Called Strike
1-2: Strikes out swinging
Batting: RHB Tyler Wagner 0-0: Ball
1-0: Ground out 5-3 (Groundball, 56)
Batting: SHB Juan Castro 0-0: Called Strike
0-1: Ball
1-1: Foul Ball, location: 2F
1-2: SINGLE (Groundball, 5D)
Batting: LHB Pedro Zaragoza 0-0: Foul Ball, location: 2F
0-1: Ball
1-1: Called Strike
1-2: Foul Ball, location: 2F
1-2: Fly out, F8 (Flyball, 8LM)
Top of the 1st over - 0 run(s), 1 hit(s), 0 error(s), 1 left on base; Austin 0 - Madison 0
BOTTOM OF THE 1ST
Madison Bombers batting - Pitching for Austin River Sharks : RHP Salvador Ramírez
Pitching: RHP Salvador Ramírez
Batting: RHB Guo-xiu Choi 0-0: Called Strike
0-1: Foul Ball, location: 2F
0-2: Ball
1-2: Ball
2-2: Foul Ball, location: 2F
2-2: Ground out 5-3 (Groundball, 56S)
Batting: RHB Alonso Holguín 0-0: Ball
1-0: Ball
2-0: Fly out, F8 (Popup, 8LS)
Batting: LHB Seung-chun Mun 0-0: Ball
1-0: DOUBLE (Line Drive, 3L)
Batting: RHB Vicente Aguirre 0-0: Swinging Strike
0-1: Ball
1-1: Foul Ball, location: 2F
1-2: Strikes out swinging
Bottom of the 1st over - 0 run(s), 1 hit(s), 0 error(s), 1 left on base; Austin 0 - Madison 0
TOP OF THE 2ND
Austin River Sharks batting - Pitching for Madison Bombers : RHP Claudio Segura
Batting: RHB Kenneth Roberts 0-0: Called Strike
0-1: Ball
1-1: Called Strike
1-2: Strikes out swinging
Batting: LHB Terry Maloney 0-0: Ball
1-0: Called Strike
1-1: Called Strike
1-2: Ball
2-2: Ball
3-2: Foul Ball, location: 2F
3-2: Ground out 4-3 (Groundball, 4)
Batting: RHB Carlos Guzmán 0-0: Ball
1-0: Foul Ball, location: 2F
1-1: Ball
2-1: Swinging Strike
2-2: Foul Ball, location: 2F
2-2: Ball
3-2: Strikes out swinging
Top of the 2nd over - 0 run(s), 0 hit(s), 0 error(s), 0 left on base; Austin 0 - Madison 0
BOTTOM OF THE 2ND
Madison Bombers batting - Pitching for Austin River Sharks : RHP Salvador Ramírez
Batting: LHB Mike Callahan 0-0: Called Strike
0-1: Ball
1-1: Ball
2-1: Ball
3-1: Base on Balls
Batting: RHB Sergio Márquez 0-0: SINGLE (Line Drive, 7S)
Mike Callahan to second
Mike Callahan to third
Batting: LHB Sixto Cantú 0-0: Ball
1-0: Swinging Strike
1-1: Ball
2-1: Foul Ball, location: 2F
2-2: Foul Ball, location: 2F
2-2: Ball
3-2: Strikes out swinging
Batting: SHB Dave MacThomas 0-0: Called Strike
0-1: Called Strike
0-2: Ball
1-2: Ball
2-2: Foul Ball, location: 2F
2-2: Grounds into double play, U3-6 (Groundball, 3L)
Bottom of the 2nd over - 0 run(s), 1 hit(s), 0 error(s), 1 left on base; Austin 0 - Madison 0
TOP OF THE 3RD
Austin River Sharks batting - Pitching for Madison Bombers : RHP Claudio Segura
Batting: RHB Orlando Bruno 0-0: SINGLE (Groundball, 56D)
Batting: RHB Carlos Pérez 0-0: Swinging Strike
0-1: Ball
1-1: Ball
2-1: Ball
3-1: Base on Balls
Orlando Bruno to second
Batting: LHB Bruno Lalonde 0-0: Ball
1-0: Fielders Choice at 2nd, 6-4 (Groundball, 6M)
Orlando Bruno to third
Batting: RHB Tyler Wagner 0-0: Ball
Bruno Lalonde is caught stealing 2nd base
1-0: Fly out, F6 (Popup, 6)
Top of the 3rd over - 0 run(s), 1 hit(s), 0 error(s), 1 left on base; Austin 0 - Madison 0
BOTTOM OF THE 3RD
Madison Bombers batting - Pitching for Austin River Sharks : RHP Salvador Ramírez
Batting: RHB Emílio Carrillo 0-0: Called Strike
0-1: Ball
1-1: Foul Ball, location: 2F
1-2: Strikes out swinging
Batting: RHB Guo-xiu Choi 0-0: Ball
1-0: Swinging Strike
1-1: Foul Ball, location: 2F
1-2: Strikes out looking
Batting: RHB Alonso Holguín 0-0: Foul Ball, location: 2F
0-1: Foul Ball, location: 2F
0-2: Ball
1-2: DOUBLE (Line Drive, 5L)
Batting: LHB Seung-chun Mun 0-0: Ball
1-0: Ball
2-0: Ball
3-0: Base on Balls
Batting: RHB Vicente Aguirre 0-0: Ball
Passed Ball!
Alonso Holguín to third
Seung-chun Mun to second
1-0: Called Strike
1-1: Swinging Strike
1-2: Foul Ball, location: 2F
1-2: DOUBLE (Line Drive, 9LS)
Alonso Holguín scores
Seung-chun Mun scores
Batting: LHB Mike Callahan 0-0: Ball
1-0: Ball
2-0: Called Strike
2-1: Foul Ball, location: 2F
2-2: Foul Ball, location: 2F
2-2: Ground out 4-3 (Groundball, 4)
Bottom of the 3rd over - 2 run(s), 2 hit(s), 0 error(s), 1 left on base; Austin 0 - Madison 2
TOP OF THE 4TH
Austin River Sharks batting - Pitching for Madison Bombers : RHP Claudio Segura
Batting: SHB Juan Castro 0-0: Called Strike
0-1: Foul Ball, location: 2F
0-2: Strikes out swinging
Batting: LHB Pedro Zaragoza 0-0: Ball
1-0: Ball
2-0: Called Strike
2-1: Ball
3-1: Swinging Strike
3-2: Strikes out looking
Batting: RHB Kenneth Roberts 0-0: Ball
1-0: Called Strike
1-1: Ball
2-1: Called Strike
2-2: Strikes out looking
Top of the 4th over - 0 run(s), 0 hit(s), 0 error(s), 0 left on base; Austin 0 - Madison 2
BOTTOM OF THE 4TH
Madison Bombers batting - Pitching for Austin River Sharks : RHP Salvador Ramírez
Batting: RHB Sergio Márquez 0-0: Called Strike
0-1: Ball
1-1: Foul Ball, location: 2F
1-2: Strikes out swinging
Batting: LHB Sixto Cantú 0-0: Ball
1-0: Ground out 1-3 (Groundball, 13)
Batting: SHB Dave MacThomas 0-0: DOUBLE (Groundball, 3L)
Batting: RHB Emílio Carrillo 0-0: Fly out, F3 (Popup, 3D)
Bottom of the 4th over - 0 run(s), 1 hit(s), 0 error(s), 1 left on base; Austin 0 - Madison 2
TOP OF THE 5TH
Austin River Sharks batting - Pitching for Madison Bombers : RHP Claudio Segura
Batting: LHB Terry Maloney 0-0: Foul Ball, location: 2F
0-1: Ball
1-1: SINGLE (Groundball, 6MD)
Batting: RHB Carlos Guzmán 0-0: Ball
1-0: Ball
2-0: Foul Ball, location: 2F
2-1: SINGLE (Flyball, 9LM)
Terry Maloney to second
Runner from 2nd tries for 3rd, SAFE, no throw or cutoff
Batting: RHB Orlando Bruno 0-0: SINGLE (Groundball, 6MD)
Terry Maloney scores
Carlos Guzmán to second
Batting: RHB Carlos Pérez 0-0: Foul Ball, location: 2F
0-1: Ball
Balk!
Carlos Guzmán to third
Orlando Bruno to second
1-1: Ball
2-1: Called Strike
2-2: Foul Ball, location: 2F
2-2: Foul Ball, location: 2F
2-2: Strikes out swinging
Batting: LHB Bruno Lalonde 0-0: Ball
1-0: Called Strike
1-1: Called Strike
1-2: Foul Ball, location: 2F
1-2: Hit by Pitch
Batting: RHB Tyler Wagner 0-0: Foul Ball, location: 2F
0-1: Called Strike
0-2: DOUBLE (Flyball, 7LD)
Carlos Guzmán scores
Orlando Bruno scores
Bruno Lalonde to third
Batting: SHB Juan Castro 0-0: Called Strike
0-1: Ball
1-1: Ball
2-1: Swinging Strike
2-2: Foul Ball, location: 2F
2-2: Strikes out swinging
Batting: LHB Pedro Zaragoza 0-0: Foul Ball, location: 2F
0-1: Called Strike
0-2: Ball
1-2: Strikes out swinging
Top of the 5th over - 3 run(s), 4 hit(s), 0 error(s), 2 left on base; Austin 3 - Madison 2
BOTTOM OF THE 5TH
Madison Bombers batting - Pitching for Austin River Sharks : RHP Salvador Ramírez
Batting: RHB Guo-xiu Choi 0-0: Called Strike
0-1: Fly out, F3 (Line Drive, 3)
Batting: RHB Alonso Holguín 0-0: Called Strike
0-1: Ball
1-1: Ball
2-1: Ball
3-1: Foul Ball, location: 2F
3-2: Base on Balls
Batting: LHB Seung-chun Mun 0-0: Ball
1-0: Ball
2-0: Called Strike
2-1: Ball
Wild Pitch!
Alonso Holguín to second
3-1: Foul Ball, location: 2F
3-2: Foul Ball, location: 2F
3-2: Base on Balls
Batting: RHB Vicente Aguirre 0-0: Ball
1-0: Ball
2-0: Foul Ball, location: 2F
2-1: Ball
3-1: Base on Balls
Alonso Holguín to third
Seung-chun Mun to second
Pitching: RHP Lorenzo Vargas
Batting: LHB Mike Callahan 0-0: Ball
1-0: GRAND SLAM HOME RUN (Flyball, 89XD), Distance : 388 ft
Batting: RHB Sergio Márquez 0-0: Foul Ball, location: 2F
0-1: Fly out, F7 (Flyball, 78D)
Batting: LHB Sixto Cantú 0-0: Called Strike
0-1: Ball
1-1: Foul Ball, location: 2F
1-2: Foul Ball, location: 2F
1-2: Strikes out swinging
Bottom of the 5th over - 4 run(s), 1 hit(s), 0 error(s), 0 left on base; Austin 3 - Madison 6
TOP OF THE 6TH
Austin River Sharks batting - Pitching for Madison Bombers : RHP Claudio Segura
Pitching: RHP Arturo Leal
Batting: RHB Kenneth Roberts 0-0: Ball
1-0: Ball
2-0: Ball
3-0: Base on Balls
Batting: LHB Terry Maloney 0-0: Foul Ball, location: 2F
0-1: Ball
1-1: Ball
2-1: Ball
3-1: Swinging Strike
3-2: Foul Ball, location: 2F
3-2: Base on Balls
Kenneth Roberts to second
Batting: RHB Carlos Guzmán 0-0: Ball
1-0: SINGLE (Line Drive, 34)
Kenneth Roberts to third
Terry Maloney to second
Batting: RHB Orlando Bruno 0-0: Fly out, F8 (Flyball, 8LM)
Runner from 3rd tags up, SCORES, throw made
Batting: RHB Carlos Pérez 0-0: Ball
1-0: Ball
2-0: Foul Ball, location: 2F
2-1: Foul Ball, location: 2F
2-2: Strikes out swinging
Batting: LHB Bruno Lalonde 0-0: Foul Ball, location: 2F
0-1: Ball
1-1: Ground out 3-1 (Groundball, 34)
Top of the 6th over - 1 run(s), 1 hit(s), 0 error(s), 2 left on base; Austin 4 - Madison 6
BOTTOM OF THE 6TH
Madison Bombers batting - Pitching for Austin River Sharks : RHP Lorenzo Vargas
Batting: SHB Dave MacThomas 0-0: Called Strike
0-1: Ball
1-1: SINGLE (Line Drive, 9S)
Batting: RHB Emílio Carrillo 0-0: Fly out, F4 (Popup, 4M)
Batting: RHB Guo-xiu Choi 0-0: Swinging Strike
0-1: DOUBLE (Line Drive, 9D)
Dave MacThomas to third
Runner from 3rd tries for Home, SAFE, no throw or cutoff
Batting: RHB Alonso Holguín 0-0: Called Strike
0-1: Ball
1-1: Fly out, F7 (Flyball, 7S)
Batting: LHB Seung-chun Mun 0-0: Swinging Strike
0-1: Swinging Strike
0-2: Ball
1-2: Ball
2-2: Ball
3-2: Foul Ball, location: 2F
3-2: Base on Balls
Batting: RHB Vicente Aguirre 0-0: Called Strike
0-1: Called Strike
0-2: Ball
1-2: Fly out, F9 (Flyball, 9D)
Bottom of the 6th over - 1 run(s), 2 hit(s), 0 error(s), 2 left on base; Austin 4 - Madison 7
TOP OF THE 7TH
Austin River Sharks batting - Pitching for Madison Bombers : RHP Arturo Leal
Batting: RHB Tyler Wagner 0-0: Called Strike
0-1: Swinging Strike
0-2: Fly out, F4 (Popup, 4D)
Batting: SHB Juan Castro 0-0: Called Strike
0-1: Ball
1-1: Swinging Strike
1-2: Ground out U3 (Groundball, 3L)
Batting: LHB Pedro Zaragoza 0-0: Ball
1-0: Ball
2-0: Called Strike
2-1: Swinging Strike
2-2: Strikes out swinging
Top of the 7th over - 0 run(s), 0 hit(s), 0 error(s), 0 left on base; Austin 4 - Madison 7
BOTTOM OF THE 7TH
Madison Bombers batting - Pitching for Austin River Sharks : RHP Lorenzo Vargas
Batting: LHB Mike Callahan 0-0: Called Strike
0-1: Swinging Strike
0-2: Strikes out swinging, 2-3 out at first.
Pitching: RHP Tatsuzo Harada
Batting: RHB Sergio Márquez 0-0: Ball
1-0: Called Strike
1-1: Ball
2-1: Ball
3-1: Foul Ball, location: 2F
3-2: Strikes out swinging
Batting: LHB Sixto Cantú 0-0: Ball
1-0: Ball
2-0: Ball
3-0: Foul Ball, location: 2F
3-1: Ground out 6-3 (Groundball, 6MS)
Bottom of the 7th over - 0 run(s), 0 hit(s), 0 error(s), 0 left on base; Austin 4 - Madison 7
TOP OF THE 8TH
Austin River Sharks batting - Pitching for Madison Bombers : RHP Arturo Leal
Pitching: RHP Alonso Gallardo
Batting: RHB Kenneth Roberts 0-0: Foul Ball, location: 2F
0-1: Ball
1-1: Called Strike
1-2: Ground out 5-3 (Groundball, 56)
Batting: LHB Terry Maloney 0-0: Ball
1-0: Ball
2-0: SOLO HOME RUN (Flyball, 89XD), Distance : 380 ft
Batting: RHB Carlos Guzmán 0-0: Called Strike
0-1: Ball
1-1: Ball
2-1: SINGLE (Groundball, 4MD)
Batting: RHB Orlando Bruno 0-0: Ball
1-0: Called Strike
1-1: Grounds into double play, 1-6-3 (Groundball, 13S)
Top of the 8th over - 1 run(s), 2 hit(s), 0 error(s), 0 left on base; Austin 5 - Madison 7
BOTTOM OF THE 8TH
Madison Bombers batting - Pitching for Austin River Sharks : RHP Tatsuzo Harada
Batting: SHB Dave MacThomas 0-0: Ball
1-0: Swinging Strike
1-1: Ground out 4-3 (Groundball, 34)
Batting: RHB Emílio Carrillo 0-0: Ball
1-0: Ball
2-0: Swinging Strike
2-1: Ball
3-1: SINGLE (Groundball, 34D)
Batting: RHB Guo-xiu Choi 0-0: Ball
1-0: Ball
2-0: Called Strike
2-1: Ball
Wild Pitch!
Emílio Carrillo to second
3-1: Swinging Strike
3-2: Strikes out looking
Batting: RHB Alonso Holguín 0-0: Swinging Strike
0-1: Swinging Strike
0-2: Ball
1-2: Ground out 5-3 (Groundball, 5)
Bottom of the 8th over - 0 run(s), 1 hit(s), 0 error(s), 1 left on base; Austin 5 - Madison 7
TOP OF THE 9TH
Austin River Sharks batting - Pitching for Madison Bombers : RHP Alonso Gallardo
Pitching: RHP José García
Batting: RHB Carlos Pérez 0-0: Ball
1-0: Foul Ball, location: 2F
1-1: Ball
2-1: Called Strike
2-2: Ground out 6-3 (Groundball, 6)
Batting: LHB Bruno Lalonde 0-0: Called Strike
0-1: Swinging Strike
0-2: Ball
1-2: Ball
2-2: SINGLE (Groundball, 13) (infield hit)
Batting: RHB Tyler Wagner 0-0: Swinging Strike
0-1: Foul Ball, location: 2F
0-2: Foul Ball, location: 2F
0-2: Foul Ball, location: 2F
0-2: Ball
1-2: Reached on error, E5 (Groundball, 5)
Bruno Lalonde to second
Batting: SHB Juan Castro 0-0: Ball
1-0: Foul Ball, location: 2F
1-1: Swinging Strike
1-2: Strikes out swinging
Batting: LHB Pedro Zaragoza 0-0: SINGLE (Line Drive, 56D)
Bruno Lalonde to third
Tyler Wagner to second
Runner from 3rd tries for Home, SAFE, no throw or cutoff
Batting: RHB Kenneth Roberts 0-0: Ball
1-0: Called Strike
1-1: Ground out 2-3 (Groundball, 25)
Top of the 9th over - 1 run(s), 2 hit(s), 1 error(s), 2 left on base; Austin 6 - Madison 7
Monday, December 5th, 2016 - OOTP Baseball 17.12 Build 75